AoeStats
← P-Unit

Arena

504637455Analyzed
2v2 RM · 26d ago on Sep 6, 2026· 43m 26s· 4 players
Game mode
Random Map
Map size
Medium (4 player)
Population
200
Speed
Normal
Resources
Standard
Victory
Conquest
Starting age
Dark Age
Ending age
Imperial Age
RankedLock teamsTeams togetherTeam positionsShared explorationLock speedFull tech treeHidden civsTurbo modeCheats
Victory
Defeat
🇲🇽 Turks · Mexico
1107
+13
🇲🇽 Vietnamese · Mexico
871
+23
🇨🇴 Burgundians · Colombia
1036
-18
🇺🇸 Hindustanis · United States
1027
-18
adac1296
11:41 Feudal Age
16:59 Castle Age
14:58 Double-Bit Axe
15:13 Horse Collar
15:27 Gold Mining
17:27 Bow Saw
17:19 Heavy Plow
17:24 Stone Mining
19:14 Crop Rotation
20:21 Loom
20:21 Town Watch
23:00 Fletching
28:00 Burgundian Vineyards
31:25 Imperial Age
29:56 Wheelbarrow
29:27 Bodkin Arrow
30:05 Scale Barding Armor
30:11 Forging
31:18 Ballistics
31:48 Hand Cart
33:36 Town Patrol
35:02 Iron Casting
35:19 Bracer
39:47 Chain Barding Armor
40:31 Conscription
P-Unit
9:07 Feudal Age
9:41 Double-Bit Axe
10:09 Horse Collar
17:52 Castle Age
16:42 Scale Mail Armor
18:23 Forging
18:22 Gold Mining
19:35 Wheelbarrow
19:14 Bow Saw
19:50 Heavy Plow
20:17 Stone Mining
23:31 Hand Cart
25:40 Stone Shaft Mining
25:37 Masonry
25:44 Fortified Wall
29:51 Scale Barding Armor
30:28 Gold Shaft Mining
31:18 Bloodlines
31:13 Husbandry
31:18 Light Cavalry
Lord Daiki
10:45 Feudal Age
16:27 Double-Bit Axe
17:20 Loom
18:43 Wheelbarrow
18:17 Double-Bit Axe
21:32 Castle Age
19:47 Bloodlines
21:41 Light Cavalry
22:10 Horse Collar
25:51 Squires
26:10 Fletching
31:24 Pikeman
36:51 Bodkin Arrow
36:57 Padded Archer Armor
39:07 Ballistics
42:39 Scale Mail Armor
42:50 Forging
EsquedaKING
13:01 Feudal Age
15:15 Wheelbarrow
19:54 Castle Age
23:40 Forging
23:36 Scale Barding Armor
36:10 Imperial Age
36:14 Bloodlines
36:04 Husbandry
40:42 Iron Casting
40:27 Chain Barding Armor
40:21 Artillery
44:13 Bombard Tower
Connection lost

Rejoining the realm…

Still unreachable

The connection could not be restored.

Session expired

The server has moved on; the page needs a fresh start.